[ AOE2 MATCH · #488383549 ]
UnrankedMongols vs Mongols
Player's team · WIN
Rival team · LOSS
[ REPLAY ANALYSIS · EXTRACTED FROM THE RECORDED GAME ]
Feudal
8:56
Castle
21:23
Imperial
—
| APM avg | 55.5 |
| APM peak | 110 |
| eAPM avg | 21.8 |
| Villagers / military | 82 / 43 |
Focus
⚔️ 42.0% · 🌾 58.0%
Archer ×28 · Mangonel ×5 · Monk ×4 · Militia ×3 · Spearman ×3
Feudal
8:01
Castle
20:24
Imperial
—
| APM avg | 31.4 |
| APM peak | 76 |
| eAPM avg | 13.0 |
| Villagers / military | 46 / 9 |
Focus
⚔️ 30.3% · 🌾 69.7%
Mangonel ×3 · Scout Cavalry ×3 · Spearman ×2 · Knight ×1
Match map
Initial resources + every placement click. Lines = walls · curves = elevation contours. ◆ gold · ⬟ stone · ● berries · ✦ relic · ◌ wall gap
Your base· Open — opponent sealed themselves in
kenkenyau's base· ✓ Closed at 20:24 · 74t walls · no gate
Smoothed initial terrain · ◌ = detected wall gap · hover for details
Inputs per minute
— SY_Msfu - - kenkenyau
Build order — SY_Msfu
First 150 of 219 actions detected
| 0:03 | Create | Villager (Male) |
| 0:03 | Create | Villager (Male) |
| 0:04 | Build | House |
| 0:05 | Build | House |
| 0:15 | Create | Villager (Male) |
| 0:15 | Create | Villager (Male) |
| 0:15 | Create | Villager (Male) |
| 1:35 | Create | Villager (Male) |
| 2:01 | Create | Villager (Male) |
| 2:15 | Create | Villager (Male) |
| 2:53 | Create | Villager (Male) |
| 3:08 | Build | Lumber Camp |
| 3:18 | Create | Villager (Male) |
| 3:20 | Create | Villager (Male) |
| 3:20 | Create | Villager (Male) |
| 3:45 | Create | Villager (Male) |
| 3:46 | Create | Villager (Male) |
| 4:02 | Build | House |
| 4:19 | Create | Villager (Male) |
| 4:24 | Create | Villager (Male) |
| 5:07 | Create | Villager (Male) |
| 5:07 | Create | Villager (Male) |
| 5:07 | Create | Villager (Male) |
| 5:58 | Build | Barracks |
| 6:19 | Research | Loom |
| 6:44 | Build | House |
| 6:46 | Research | Feudal Age |
| 6:50 | Create | Militia |
| 7:12 | Create | Militia |
| 7:17 | Build | Mining Camp |
| 7:32 | Create | Villager (Male) |
| 7:53 | Create | Militia |
| 8:13 | Build | Mill |
| 8:24 | Create | Villager (Male) |
| 8:27 | Build | House |
| 8:54 | Create | Villager (Male) |
| 8:56 | Age | Feudal Age |
| 8:56 | Research | Man-at-Arms (upgrade) |
| 9:16 | Build | Mill |
| 9:42 | Create | Villager (Male) |
| 9:48 | Build | Farm |
| 9:50 | Build | Farm |
| 10:15 | Create | Villager (Male) |
| 10:22 | Build | Farm |
| 10:25 | Create | Spearman |
| 10:31 | Create | Villager (Male) |
| 10:44 | Build | House |
| 10:58 | Create | Spearman |
| 11:05 | Create | Villager (Male) |
| 11:19 | Create | Villager (Male) |
| 11:21 | Create | Spearman |
| 11:40 | Build | Farm |
| 11:41 | Research | Double-Bit Axe |
| 11:56 | Create | Villager (Male) |
| 12:00 | Build | Palisade Wall |
| 12:02 | Build | Palisade Wall |
| 12:03 | Build | Palisade Wall |
| 12:04 | Create | Villager (Male) |
| 12:09 | Build | Archery Range |
| 12:39 | Create | Villager (Male) |
| 12:50 | Build | Palisade Wall |
| 12:53 | Build | Palisade Wall |
| 12:54 | Build | Palisade Wall |
| 12:58 | Build | House |
| 13:00 | Create | Villager (Male) |
| 13:03 | Build | Farm |
| 13:11 | Create | Archer |
| 13:14 | Create | Villager (Male) |
| 13:17 | Build | House |
| 13:20 | Build | Farm |
| 13:27 | Build | Farm |
| 13:29 | Create | Archer |
| 13:32 | Build | Farm |
| 13:36 | Build | Farm |
| 13:43 | Create | Villager (Male) |
| 13:58 | Create | Villager (Male) |
| 14:01 | Build | House |
| 14:02 | Build | Palisade Wall |
| 14:02 | Build | Palisade Wall |
| 14:04 | Build | Palisade Wall |
| 14:11 | Create | Archer |
| 14:19 | Create | Villager (Male) |
| 14:43 | Build | Blacksmith |
| 14:46 | Create | Villager (Male) |
| 15:05 | Create | Villager (Male) |
| 15:05 | Create | Archer |
| 15:18 | Build | Farm |
| 15:23 | Build | House |
| 15:24 | Build | Palisade Wall |
| 15:26 | Create | Archer |
| 15:35 | Research | Fletching |
| 15:41 | Create | Villager (Male) |
| 15:43 | Build | Farm |
| 15:57 | Create | Archer |
| 16:10 | Create | Villager (Male) |
| 16:12 | Build | Farm |
| 16:12 | Build | Farm |
| 16:13 | Build | Farm |
| 16:13 | Build | Farm |
| 16:50 | Create | Villager (Male) |
| 16:51 | Create | Archer |
| 17:08 | Create | Villager (Male) |
| 17:23 | Build | Market |
| 17:25 | Build | House |
| 17:35 | Create | Villager (Male) |
| 17:37 | Build | Farm |
| 18:14 | Create | Villager (Male) |
| 18:43 | Research | Castle Age |
| 18:49 | Build | Archery Range |
| 18:55 | Build | Lumber Camp |
| 19:11 | Create | Archer |
| 19:16 | Research | Gold Mining |
| 19:16 | Research | Gold Mining |
| 19:23 | Create | Villager (Male) |
| 19:30 | Build | House |
| 19:32 | Build | House |
| 19:40 | Create | Archer |
| 19:40 | Create | Archer |
| 19:53 | Research | Horse Collar |
| 20:10 | Create | Archer |
| 20:11 | Create | Archer |
| 20:20 | Create | Archer |
| 20:47 | Create | Archer |
| 21:04 | Create | Archer |
| 21:10 | Create | Archer |
| 21:23 | Age | Castle Age |
| 21:27 | Research | Crossbowman (upgrade) |
| 21:42 | Research | Bodkin Arrow |
| 21:42 | Research | Bodkin Arrow |
| 21:42 | Create | Villager (Male) |
| 21:46 | Build | Town Center |
| 22:02 | Create | Archer |
| 22:03 | Create | Villager (Male) |
| 22:11 | Build | Monastery |
| 22:13 | Create | Villager (Male) |
| 22:14 | Research | Bow Saw |
| 22:26 | Create | Archer |
| 22:26 | Create | Villager (Male) |
| 22:28 | Create | Archer |
| 22:28 | Create | Archer |
| 22:45 | Build | House |
| 22:47 | Build | House |
| 22:48 | Create | Villager (Male) |
| 22:54 | Create | Villager (Male) |
| 23:08 | Build | Siege Workshop |
| 23:10 | Create | Villager (Male) |
| 23:12 | Create | Archer |
| 23:20 | Create | Archer |
| 23:21 | Create | Archer |
| 23:46 | Create | Mangonel |
Build order — kenkenyau
116 actions detected in the replay
| 0:00 | Create | Villager (Male) |
| 0:00 | Create | Villager (Male) |
| 0:01 | Create | Villager (Male) |
| 0:02 | Build | House |
| 0:04 | Build | House |
| 0:14 | Create | Villager (Male) |
| 1:24 | Create | Villager (Male) |
| 1:54 | Build | Lumber Camp |
| 1:59 | Create | Villager (Male) |
| 2:13 | Create | Villager (Male) |
| 2:42 | Create | Villager (Male) |
| 2:42 | Create | Villager (Male) |
| 3:14 | Create | Villager (Male) |
| 3:14 | Create | Villager (Male) |
| 3:14 | Create | Villager (Male) |
| 3:42 | Create | Villager (Male) |
| 3:43 | Create | Villager (Male) |
| 4:00 | Build | House |
| 4:39 | Build | Mill |
| 4:45 | Create | Villager (Male) |
| 5:04 | Create | Villager (Male) |
| 5:51 | Research | Feudal Age |
| 7:13 | Build | Barracks |
| 7:41 | Research | Loom |
| 7:48 | Build | House |
| 8:01 | Age | Feudal Age |
| 8:15 | Create | Villager (Male) |
| 8:20 | Build | Stable |
| 8:23 | Build | Palisade Wall |
| 8:29 | Build | House |
| 8:36 | Create | Villager (Male) |
| 8:49 | Build | House |
| 8:54 | Build | Palisade Wall |
| 9:06 | Create | Spearman |
| 9:07 | Create | Spearman |
| 9:17 | Create | Scout Cavalry |
| 9:18 | Create | Scout Cavalry |
| 9:52 | Build | House |
| 9:55 | Build | House |
| 9:57 | Build | Palisade Wall |
| 10:00 | Build | Palisade Wall |
| 10:02 | Build | Palisade Wall |
| 10:04 | Build | Palisade Wall |
| 10:08 | Build | Palisade Wall |
| 10:11 | Build | Palisade Wall |
| 10:12 | Build | Palisade Wall |
| 10:16 | Create | Villager (Male) |
| 10:17 | Create | Villager (Male) |
| 10:21 | Create | Scout Cavalry |
| 10:32 | Create | Villager (Male) |
| 10:36 | Build | Mill |
| 10:59 | Create | Villager (Male) |
| 11:04 | Build | Farm |
| 11:41 | Create | Villager (Male) |
| 11:44 | Build | Farm |
| 11:57 | Build | Farm |
| 12:08 | Build | Farm |
| 12:09 | Create | Villager (Male) |
| 12:22 | Create | Villager (Male) |
| 12:28 | Build | Palisade Wall |
| 12:52 | Create | Villager (Male) |
| 13:13 | Create | Villager (Male) |
| 13:18 | Build | Farm |
| 13:20 | Create | Villager (Male) |
| 13:41 | Build | Farm |
| 13:43 | Build | Farm |
| 13:45 | Build | Farm |
| 13:47 | Build | Farm |
| 14:01 | Build | House |
| 14:02 | Build | House |
| 14:03 | Build | House |
| 14:04 | Build | House |
| 14:06 | Create | Villager (Male) |
| 14:13 | Build | Palisade Wall |
| 14:15 | Build | Farm |
| 14:16 | Create | Villager (Male) |
| 14:17 | Create | Villager (Male) |
| 14:45 | Create | Villager (Male) |
| 14:48 | Build | Farm |
| 14:58 | Build | Mining Camp |
| 15:10 | Build | Farm |
| 15:18 | Create | Villager (Male) |
| 15:49 | Create | Villager (Male) |
| 15:50 | Build | Blacksmith |
| 16:11 | Build | Watch Tower |
| 17:05 | Create | Villager (Male) |
| 17:44 | Research | Castle Age |
| 18:09 | Build | Market |
| 18:47 | Build | Mining Camp |
| 19:14 | Build | House |
| 19:19 | Build | House |
| 19:57 | Build | House |
| 19:59 | Build | House |
| 20:24 | Age | Castle Age |
| 20:38 | Build | Town Center |
| 20:46 | Research | Fletching |
| 20:55 | Build | House |
| 20:57 | Build | Palisade Wall |
| 21:19 | Create | Villager (Male) |
| 21:52 | Build | Siege Workshop |
| 22:07 | Create | Villager (Male) |
| 22:08 | Create | Villager (Male) |
| 22:55 | Create | Mangonel |
| 24:01 | Create | Villager (Male) |
| 24:01 | Create | Villager (Male) |
| 24:02 | Create | Villager (Male) |
| 24:40 | Create | Villager (Male) |
| 24:40 | Create | Villager (Male) |
| 25:07 | Create | Villager (Male) |
| 25:36 | Create | Mangonel |
| 27:19 | Create | Knight |
| 28:20 | Create | Villager (Male) |
| 28:21 | Create | Villager (Male) |
| 28:23 | Build | Farm |
| 28:24 | Build | Farm |
| 29:42 | Create | Mangonel |
Match timeline
| 5:58 | SY_Msfu · first_building Barracks |
| 7:13 | kenkenyau · first_building Barracks |
| 8:01 | kenkenyau · age_up feudal |
| 8:20 | kenkenyau · first_building Stable |
| 8:23 | kenkenyau · wall_segment Palisade Wall x5 |
| 8:54 | kenkenyau · wall_segment Palisade Wall x12 |
| 8:56 | SY_Msfu · age_up feudal |
| 9:57 | kenkenyau · wall_segment Palisade Wall x1 |
| 10:00 | kenkenyau · wall_segment Palisade Wall x1 |
| 10:02 | kenkenyau · wall_segment Palisade Wall x1 |
| 10:04 | kenkenyau · wall_segment Palisade Wall x1 |
| 10:08 | kenkenyau · wall_segment Palisade Wall x1 |
| 10:11 | kenkenyau · wall_segment Palisade Wall x1 |
| 10:12 | kenkenyau · wall_segment Palisade Wall x1 |
| 12:00 | SY_Msfu · wall_segment Palisade Wall x3 |
| 12:02 | SY_Msfu · wall_segment Palisade Wall x1 |
| 12:03 | SY_Msfu · wall_segment Palisade Wall x1 |
| 12:09 | SY_Msfu · first_building Archery Range |
| 12:28 | kenkenyau · wall_segment Palisade Wall x24 |
| 12:50 | SY_Msfu · wall_segment Palisade Wall x1 |
| 12:53 | SY_Msfu · wall_segment Palisade Wall x1 |
| 12:54 | SY_Msfu · wall_segment Palisade Wall x1 |
| 14:02 | SY_Msfu · wall_segment Palisade Wall x1 |
| 14:02 | SY_Msfu · wall_segment Palisade Wall x1 |
| 14:04 | SY_Msfu · wall_segment Palisade Wall x7 |
| 14:13 | kenkenyau · wall_segment Palisade Wall x26 |
| 15:24 | SY_Msfu · wall_segment Palisade Wall x1 |
| 18:38 | SY_Msfu · first_market_buy 100 food |
| 18:38 | SY_Msfu · first_market_sell 100 stone |
| 20:24 | kenkenyau · age_up castle |
| 20:34 | kenkenyau · first_market_buy 100 wood |
| 20:57 | kenkenyau · wall_segment Palisade Wall x1 |
| 21:23 | SY_Msfu · age_up castle |
| 21:46 | kenkenyau · first_market_sell 500 food |
| 21:52 | kenkenyau · first_building Siege Workshop |
| 22:11 | SY_Msfu · first_building Monastery |
| 23:08 | SY_Msfu · first_building Siege Workshop |
| 29:26 | SY_Msfu · first_building Castle |
| 30:22 | kenkenyau · resign |
[ AI ANALYSIS · 1 CREDIT ]
What really happened in this match?
Wolo.gg analyzes every decision: build order, eco, micro, common mistakes by bracket. Personalized analysis on WhatsApp or Discord in 30 seconds.
Civ guide
Mongols
Perfil
Jugador #2074094